 Dungeon Crawl Stone Soup version 0.28.0-53-g5a82cb258f (webtiles) character file.

Game seed: 3829385715167167916

1664 Gabide the Ducker (level 9, -6/69 HPs)
             Began as a Barachi Monk on Aug 23, 2022.
             Mangled by an orc warrior
             ... wielding a +0 glaive
              (24 damage)
             ... in a bailey.
             The game lasted 00:10:35 (5446 turns).

Gabide the Ducker (Barachi Monk)                    Turns: 5446, Time: 00:10:35

Health: -6/69      AC:  6    Str: 19    XL:     9   Next: 1%
Magic:  9/9        EV: 16    Int: 11    God:
Gold:   257        SH:  0    Dex: 23    Spells: 8/8 levels left

rFire   . . .      SeeInvis .   k - +8 dagger "Kodulasset" {flame, *Rage rPois rCorr Dex+5}
rCold   . . .      Faith    .   (no shield)
rNeg    . . .      Spirit   .   b - +0 ring mail
rPois   +          Reflect  .   (no helmet)
rElec   .          Harm     .   (no cloak)
rCorr   +          Rampage  .   (no gloves)
Will    .....      Rage     20% (no boots)
Stlth   ++........              (no amulet)
HPRegen 0.21/turn               c - +6 ring of strength
MPRegen 0.11/turn               (no ring)

@: mighty, unable to hop, on berserk cooldown, hasted and slowed, slow
A: amphibious, slowness 1, strong legs 1, +LOS
a: Hop


You were in a bailey.
You visited 1 branch of the dungeon, and saw 7 of its levels.
You also visited: Bailey.

You collected 257 gold pieces.

Inventory:

Hand Weapons
 k - the +8 dagger "Kodulasset" (weapon) {flame, *Rage rPois rCorr Dex+5}
   (You found it on level 2 of the Dungeon)

   It burns those it strikes, dealing additional fire damage.
   Dex:       It affects your dexterity (+5).
   rPois:     It protects you from poison.
   *Rage:     It berserks you when you make melee attacks (+20% chance).
   rCorr:     It protects you from acid and corrosion.
Missiles
 o - 3 curare-tipped darts
Armour
 b - a +0 ring mail (worn)
 m - a +0 leather armour
Jewellery
 a - a ring of ice
 c - a +6 ring of strength (left hand)
 j - a ring of fire
Potions
 h - a potion of heal wounds {unknown}
 i - a potion of lignification {unknown}


   Skills:
 - Level 6.0 Fighting
 * Level 7.0(7.6) Short Blades
 - Level 5.0(7.0) Long Blades
 + Level 4.6 Armour
 * Level 7.6 Dodging
 - Level 1.7 Stealth


You had 8 spell levels left.
You didn't know any spells.
Your spell library contained the following spells:

 Spells                   Type           Power      Damage    Failure   Level
 Shock                    Conj/Air       0%         1d3       52%         1
 Swiftness                Air            0%         N/A       87%         3
 Airstrike                Air            0%         N/A       99%         4


Dungeon Overview and Level Annotations

Branches:
Dungeon (8/15)             Bailey (1/1)
 Temple: D:4-7         Lair: D:8-11

Altars:
Hepliaklqana


Innate Abilities, Weirdness & Mutations

You are amphibious.
You cover ground slowly.
You can hop short distances.
You have an extended range of vision and can be seen from far away.


Message History

Your Short Blades skill increases to level 7!
You have reached level 9!
Your experience leads to an increase in your attributes!
Your base attributes are Str 13, Int 11, Dex 16.
Increase (S)trength, (I)ntelligence, or (D)exterity?
You feel agile. x2
You are no longer berserk.
You are exhausted.
You feel yourself slow down. The orc misses you.
The orc warrior closely misses you.
The orc hits you from afar with a +0 halberd!
Things that are here:
a +0 hand axe; an orc corpse You puncture the orc warrior!
You burn the orc warrior.
The orc warrior is heavily wounded.
The orc warrior hits you with a +0 glaive!!
The orc hits you but does no damage. The orc misses you.
The orc warrior hits you from afar with a +0 spear!
* * * LOW HITPOINT WARNING * * *
The orc warrior misses you.
Hop to where?
Press: ? - help, Dir - move target Boing!
The orc completely misses you. The orc warrior barely misses you.
The orc warrior closely misses you. The orc closely misses you.
Okay, then.
You feel better. The orc warrior barely misses you. The orc warrior misses you.
The orc barely misses you. The orc warrior barely misses you.
The orc warrior closely misses you. The orc closely misses you.
You aren't carrying any scrolls.
It was a potion of might.
You feel very mighty all of a sudden. The orc hits you but does no damage.
The orc warrior barely misses you. The orc warrior misses you.
The orc warrior completely misses you.
The orc warrior hits you from afar with a +0 glaive!
* * * LOW HITPOINT WARNING * * *
The orc warrior hits you but does no damage.
The orc warrior misses you.
It was a potion of haste.
You feel yourself speed up.
The orc warrior hits you from afar with a +0 glaive!!
You die...

#.......#
#.......#
#..#.#..#
#..#8#..#
#.))o...#
##.ooo.##
###o###
#...#
#.@.#
#...#
#...#
###'###
##.....##
#.......#
#.......#
#.......#
#..#.#).#


You could see 3 orc warriors and 2 orcs.

Vanquished Creatures
  Menkaure (D:4)
  5 orc warriors
  3 necrophages
  A kobold brigand (D:3)
  A bullfrog (D:8)
  A howler monkey (D:4)
  2 jellies
  5 orc priests
  Natasha (twice) (D:2)
  Terence (D:2)
  An iguana (D:5)
  3 orc wizards
  7 gnolls
  3 adders
  A shadow imp (D:5)
  3 ufetubi
  2 adder skeletons
  A worm (D:2)
  2 dart slugs
  28 orcs
  3 endoplasms
  5 giant cockroaches
  13 goblins
  9 hobgoblins
  5 jackals
  A quokka (D:4)
  10 ball pythons
  3 bats
  3 frilled lizards
  9 kobolds
  8 rats
  A spectral orc (D:4)
143 creatures vanquished.

Notes
Turn   | Place    | Note
-------+----------+-------------------------------------------
     0 | D:1      | Gabide the Barachi Monk began the quest for the Orb.
     0 | D:1      | Reached XP level 1. HP: 18/18 MP: 1/1
    45 | D:1      | Reached XP level 2. HP: 18/25 MP: 2/2
   594 | D:1      | Reached XP level 3. HP: 27/30 MP: 3/3
  1202 | D:2      | Reached skill level 1 in Armour
  1208 | D:2      | Reached XP level 4. HP: 21/38 MP: 4/4
  1697 | D:2      | Reached XP level 5. HP: 43/43 MP: 5/5
  1806 | D:2      | Found a faded altar of an unknown god.
  1985 | D:2      | Identified the +8 dagger "Kodulasset" {flame, *Rage rPois
                  | rCorr Dex+5}
  2000 | D:2      | Noticed Terence
  2014 | D:2      | Killed Terence
  2218 | D:2      | Noticed Natasha
  2227 | D:2      | Killed Natasha
  2228 | D:2      | Reached skill level 5 in Fighting
  2228 | D:2      | Reached skill level 5 in Long Blades
  2332 | D:2      | Noticed Natasha
  2343 | D:2      | Killed Natasha
  2344 | D:2      | Reached skill level 5 in Dodging
  2346 | D:2      | Reached XP level 6. HP: 51/51 MP: 6/6
  2399 | D:3      | Reached skill level 1 in Short Blades
  3110 | D:4      | Found a hazy altar of Hepliaklqana.
  3277 | D:4      | Noticed a necrophage
  3282 | D:4      | Reached XP level 7. HP: 56/56 MP: 7/7
  3546 | D:4      | Noticed Menkaure
  3555 | D:4      | Killed Menkaure
  4284 | D:5      | Entered Level 5 of the Dungeon
  4363 | D:5      | Reached skill level 5 in Short Blades
  4470 | D:5      | Reached XP level 8. HP: 31/63 MP: 8/8
  4853 | D:5      | You fall into a shaft and drop 3 floors!
  5259 | D:7      | Found a flagged portal.
  5273 | Bailey   | Entered a bailey
  5439 | Bailey   | Reached XP level 9. HP: 69/69 MP: 9/9
  5446 | Bailey   | Mangled by an orc warrior

Illustrated notes

Levels and vault maps discovered:
D:1:      nzn_arrival_settlement, layout_rooms
D:2:      layout_basic, dreamdust_ecumenical_altar_angels_and_demons,
          uniq_terence, uniq_natasha
D:3:      layout_basic, minmay_tree_intersection
D:4:      layout_basic, nicolae_hepliaklqana_monster_ancestors, uniq_menkaure
D:5:      layout_loops_ring, temple_hall
D:7:      corexii_shantytown, layout_basic, enter_bailey_3
D:8:      layout_basic, eat_drink_and_be_merry_uskayaw,
          grunt_temple_overflow_bloody_war
Bailey:   bailey_polearm_5, bailey

Skill      XL: |  1  2  3  4  5  6  7  8 |
---------------+-------------------------+-----
Fighting       | 4 5 6 |  6.0
Long Blades    | 4 5 |  5.0
Armour         | 1 2 3 4 |  4.6
Dodging        | 4 5 6 7 |  7.6
Short Blades   | 4 5 7 |  7.0
Stealth        | |  1.7

Action                   |  1- 3 |  4- 6 |  7- 9 || total
-------------------------+-------+-------+-------++-------
Melee: Dagger            |    95 |   146 |   130 ||   371
       Punch             |     2 |     3 |     2 ||     7
 Abil: Hop               |       |     1 |     1 ||     2
  Use: Scroll            |       |       |     4 ||     4
       Potion            |       |       |     4 ||     4
 Stab: Sleeping          |     1 |       |       ||     1
Armor: Robe              |    11 |       |       ||    11
       Ring mail         |     5 |    25 |    27 ||    57
Dodge: Dodged            |    54 |    84 |    80 ||   218
